 Dungeon Crawl Stone Soup version 0.29.1-15-g9cfb28693d (webtiles) character file.

Game seed: 6713434319178804050

28 Mysteryquy the Ducker (level 3, -1/28 HPs)
             Began as a Gnoll Wanderer on May 2, 2023.
             Was an Initiate of Gozag.
             Slain by Ijyb
             ... wielding a +0 club
              (5 damage)
             ... on level 3 of the Dungeon.
             The game lasted 00:02:46 (1795 turns).

Mysteryquy the Ducker (Gnoll Wanderer)              Turns: 1795, Time: 00:02:48

Health: -1/28      AC:  6    Str:  9    XL:     3   Next: 14%
Magic:  7/7        EV: 14    Int: 14    God:    Gozag
Gold:   142        SH:  5    Dex: 12    Spells: 6/7 levels left

rFire   . . .      SeeInvis .   f - +0 whip
rCold   . . .      Faith    .   e - +0 buckler {AC+3}
rNeg    . . .      Spirit   .   d - +0 robe
rPois   .          Reflect  .   (no helmet)
rElec   .          Harm     .   (no cloak)
rCorr   .          Rampage  .   (no gloves)
Will    .....                   b - +0 pair of boots
Stlth   +.........              (no amulet)
HPRegen 0.09/turn               (no ring)
MPRegen 0.10/turn               (no ring)

@: no status effects
A: fangs 1, strong nose, distributed training
a: Renounce Religion, Potion Petition, Call Merchant, Bribe Branch


You were on level 3 of the Dungeon.
You worshipped Gozag.
Gozag was aware of your devotion.
You visited 1 branch of the dungeon, and saw 3 of its levels.

You collected 186 gold pieces.
You paid 44 gold pieces to Gozag.

Inventory:

Hand Weapons
 a - a +0 dagger
 f - a +0 whip (weapon)
 l - a +0 sling
Missiles
 q - 4 poisoned darts (quivered)
Armour
 b - a +0 pair of boots (worn)
 d - a +0 robe (worn)
 e - a +0 buckler of protection (worn)
 h - a scarf of harm
Scrolls
 i - 3 scrolls of identify {unknown}
 j - 2 scrolls of fear {unknown}
 n - 4 scrolls of blinking {unknown}
 o - a scroll of magic mapping {unknown}
 t - a scroll of butterflies {unknown}
 u - a scroll of torment {unknown}
Potions
 c - a potion of berserk rage
 g - a potion of heal wounds {unknown}
 k - a potion of curing {unknown}
 m - a potion of invisibility {unknown}
 p - a potion of might {unknown}
 r - 2 potions of lignification {unknown}
 s - 2 potions of flight {unknown}


   Skills:
 + Level 2.6 Fighting
 + Level 0.7 Short Blades
 + Level 0.7 Long Blades
 + Level 0.7 Axes
 + Level 0.7 Maces & Flails
 + Level 0.7 Polearms
 + Level 0.7 Staves
 + Level 0.7 Ranged Weapons
 + Level 2.6 Throwing
 + Level 2.6 Armour
 + Level 6.5 Dodging
 + Level 0.7 Stealth
 + Level 4.5 Shields
 + Level 0.7 Unarmed Combat
 + Level 2.8 Spellcasting
 + Level 0.5 Conjurations
 + Level 2.1 Hexes
 + Level 0.5 Summonings
 + Level 0.5 Necromancy
 + Level 0.5 Translocations
 + Level 0.5 Transmutations
 + Level 0.5 Fire Magic
 + Level 0.5 Ice Magic
 + Level 0.5 Air Magic
 + Level 0.5 Earth Magic
 + Level 0.5 Poison Magic
 + Level 0.9 Invocations
 + Level 0.7 Evocations


You had 6 spell levels left.
You knew the following spells:

 Your Spells              Type           Power      Damage    Failure   Level
a - Slow                  Hex            28%        N/A       12%         1

Your spell library contained the following spells:

 Spells                   Type           Power      Damage    Failure   Level
 Tukima's Dance           Hex            7%         N/A       34%         3
 Ozocubu's Armour         Ice            3%         N/A       56%         3
 Ozocubu's Refrigeration  Ice            1%         4d7       100%        7


Dungeon Overview and Level Annotations

Branches:
Dungeon (3/15)

Altars:
Gozag

Annotations:
D:3 Ijyb


Innate Abilities, Weirdness & Mutations

You have very sharp teeth.
Your uncanny sense of smell can sniff out nearby items.
Your experience applies equally to all skills.


Message History

The bat barely misses you. Ijyb hits you with a +0 club.
Throw: 6 darts (poison)
Press: ? - help, Q - select action, (/) - cycle Shift-Dir - straight line, f/p - Ijyb
Aim: Ijyb, wielding a +0 club, wearing a +0 leather armour and carrying a wand of flame (1) (moderately wounded, poisoned, 51% to hit)
You throw a poisoned dart. The poisoned dart hits Ijyb.
Ijyb looks even sicker.
Ijyb is moderately wounded.
The bat misses you. Ijyb completely misses you.
Throw: 5 darts (poison)
Press: ? - help, Q - select action, (/) - cycle Shift-Dir - straight line, f/p - Ijyb
Aim: Ijyb, wielding a +0 club, wearing a +0 leather armour and carrying a wand of flame (1) (moderately wounded, very poisoned, 51% to hit)
You throw a poisoned dart. The poisoned dart misses Ijyb.
The bat closely misses you. Ijyb hits you with a +0 club.
You hit Ijyb.
Ijyb is heavily wounded.
The bat barely misses you.
Ijyb screams, "You nasty!
Big nasty!"
You block Ijyb's attack.
You closely miss Ijyb.
Ijyb is severely wounded.
The bat barely misses you. Ijyb barely misses you.
You hit Ijyb but do no damage. You bite Ijyb, but do no damage.
Ijyb is severely wounded.
You hear the slow rusting of a very distant drain.
The bat closely misses you. Ijyb hits you with a +0 club.
The bat barely misses you.
You barely miss Ijyb.
Ijyb is severely wounded.
Ijyb closely misses you.
You barely miss Ijyb.
Ijyb is severely wounded.
The bat hits you but does no damage. Ijyb barely misses you.
You closely miss Ijyb.
Ijyb is severely wounded.
The bat closely misses you.
Ijyb screams, "It's all mine!"
Ijyb zaps a wand.
The puff of flame hits you!
* * * LOW HITPOINT WARNING * * *
The now-empty wand crumbles to dust.
Ijyb hits you with a +0 club.
You die...
Your body crumbles into a pile of gold.

#.# #.# #.# #.#
# ##.####.##
#.####.........
#(#.......#....
#.g.b....## ##
###@###.##
#......#
######.# .# .#
.#


You could see Ijyb (poisoned) and a bat.

Vanquished Creatures
  An adder (D:2)
  An endoplasm (D:1)
  4 hobgoblins
  2 kobolds (D:1)
  3 quokkas
  2 ball pythons
  4 bats (D:1)
  A frilled lizard (D:2)
  A rat (D:2)
19 creatures vanquished.

Notes
Turn   | Place    | Note
-------+----------+-------------------------------------------
     0 | D:1      | Mysteryquy the Gnoll Wanderer began the quest for the Orb.
     0 | D:1      | Mysteryquy set off with the following items: a +0 dagger, a
                  | +0 pair of boots, a potion of berserk rage, a +0 robe, a +0
                  | buckler of protection; and the following spell memorised:
                  | Slow; and the following spells available to memorise:
                  | Tukima's Dance.
     0 | D:1      | Reached XP level 1. HP: 17/17 MP: 4/4
   644 | D:1      | Reached XP level 2. HP: 23/23 MP: 5/5
  1210 | D:2      | Reached XP level 3. HP: 27/28 MP: 7/7
  1271 | D:2      | Found an opulent altar of Gozag.
  1337 | D:2      | Became a worshipper of Gozag Ym Sagoz the Greedy
  1777 | D:3      | Noticed Ijyb
  1795 | D:3      | Slain by Ijyb

Illustrated notes

Levels and vault maps discovered:
D:1:      matt_arrival_los_fun, layout_basic, minivault_19
D:2:      layout_basic, basic_altar, minmay_misc_feat_diagonals
D:3:      layout_loops_ring, mainiacjoe_overflow_tiny_flanked,
          cheibrodos_sewer_entry_bend, basic_ecumenical_altar, minivault_4,
          uniq_ijyb

Skill      XL: |  1 |
---------------+----+-----
Hexes          | 2 |  2.1
Fighting       | |  2.6
Short Blades   | |  0.7
Long Blades    | |  0.7
Axes           | |  0.7
Maces & Flails | |  0.7
Polearms       | |  0.7
Staves         | |  0.7
Ranged Weapons | |  0.7
Throwing       | |  2.6
Armour         | |  2.6
Dodging        | |  6.5
Stealth        | |  0.7
Shields        | |  4.5
Unarmed Combat | |  0.7
Spellcasting   | |  2.8
Conjurations   | |  0.5
Summonings     | |  0.5
Necromancy     | |  0.5
Translocations | |  0.5
Transmutations | |  0.5
Fire Magic     | |  0.5
Ice Magic      | |  0.5
Air Magic      | |  0.5
Earth Magic    | |  0.5
Poison Magic   | |  0.5
Invocations    | |  0.9
Evocations     | |  0.7

Action                   || total
-------------------------++-------
Melee: Whip              ||    17
       Dagger            ||     6
       Bite              ||     2
 Fire: Sling             ||    67
Throw: Dart              ||     4
Armor: Robe              ||    15
Dodge: Dodged            ||    64
Block: Buckler           ||    14
